 Dungeon Crawl Stone Soup version 0.29-a0-887-gcbe080d7e0 (webtiles) character file.

Game seed: 13303786235257559682

96 porpoise the Poker (level 4, -8/35 HPs)
             Began as a Demonspawn Gladiator on July 22, 2022.
             Mangled by a gnoll
             ... wielding a +0 flail
              (11 damage)
             ... on level 2 of the Dungeon.
             The game lasted 00:04:15 (2024 turns).

porpoise the Poker (Demonspawn Gladiator)           Turns: 2024, Time: 00:04:15

Health: -8/35      AC:  3    Str: 17    XL:     4   Next: 41%
Magic:  4/4        EV: 12    Int: 15    God:
Gold:   73         SH:  0    Dex: 14    Spells: 3/3 levels left

rFire   . . .      SeeInvis .   a - +0 trident
rCold   . . .      Faith    .   (no shield)
rNeg    . . .      Spirit   .   b - +0 leather armour
rPois   .          Reflect  .   (helmet restricted)
rElec   .          Harm     .   (no cloak)
rCorr   .          Rampage  .   (no gloves)
Will    .....                   (no boots)
Stlth   +.........              (no amulet)
HPRegen 0.11/turn               f - +6 ring of intelligence
MPRegen 0.09/turn               (no ring)

@: no status effects
A: antennae 1
a: no special abilities


You were on level 2 of the Dungeon.
You visited 1 branch of the dungeon, and saw 2 of its levels.

You collected 73 gold pieces.

Inventory:

Hand Weapons
 a - a +0 trident (weapon)
Missiles
 d - a throwing net (quivered)
 e - a javelin
Armour
 b - a +0 leather armour (worn)
 c - a +0 helmet
Jewellery
 f - a +6 ring of intelligence (left hand)
Scrolls
 g - a scroll of amnesia {unknown}
 i - a scroll of vulnerability {unknown}
 j - 2 scrolls of torment {unknown}
 l - a scroll of identify {unknown}
Potions
 k - a potion of attraction {unknown}
 m - a potion of berserk rage {unknown}


   Skills:
 + Level 3.1 Fighting
 * Level 4.2 Polearms
 - Level 1.7 Throwing
 - Level 2.6 Dodging


You had 3 spell levels left.
You didn't know any spells.
Your spell library contained the following spells:

 Spells                   Type           Power      Damage    Failure   Level
 Magic Dart               Conj           0%         1d3       32%         1
 Call Imp                 Summ           0%         N/A       45%         2
 Mephitic Cloud           Conj/Pois/Air  0%         N/A       69%         3


Dungeon Overview and Level Annotations

Branches:
Dungeon (2/15)

Altars:


Innate Abilities, Weirdness & Mutations

You have a pair of small antennae on your head.


Message History

The gnoll is heavily wounded.
The gnoll struggles against the net. x2
Reach: a) +0 trident
Press: ? - help, Dir - move target, f/p - gnoll
Aim: a gnoll, wielding a +0 spear (heavily wounded, entangled in a net, about 7% to evade your +0 trident)
You reach to attack!
You puncture the gnoll!
You kill the gnoll!
The gnoll struggles against the net.
The gnoll struggles against the net.
Reach: a) +0 trident
Press: ? - help, Dir - move target, f - gnoll
Aim: a gnoll, wielding a +0 flail (entangled in a net, about 7% to evade your +0 trident)
You reach to attack!
You hit the gnoll.
The gnoll is lightly wounded.
The gnoll struggles against the net.
Reach: a) +0 trident
Press: ? - help, Dir - move target, f/p - gnoll
Aim: a gnoll, wielding a +0 flail (lightly wounded, entangled in a net, about 7% to evade your +0 trident)
You reach to attack!
You strike the helpless gnoll from behind!
You hit the gnoll.
The gnoll is moderately wounded.
The gnoll struggles against the net.
Reach: a) +0 trident
Press: ? - help, Dir - move target, f/p - gnoll
Aim: a gnoll, wielding a +0 flail (moderately wounded, entangled in a net, about 7% to evade your +0 trident)
You reach to attack!
You hit the gnoll.
The gnoll is moderately wounded.
The gnoll struggles against the net.
The net rips apart, and the gnoll comes free!
Reach: a) +0 trident
Press: ? - help, Dir - move target, f/p - gnoll
Aim: a gnoll, wielding a +0 flail (moderately wounded, about 36% to evade your +0 trident)
You reach to attack!
You completely miss the gnoll.
The gnoll is moderately wounded.
Unknown command.
You hit the gnoll.
The gnoll is heavily wounded.
The gnoll hits you with a +0 flail!
You die...

############.##.#
..##.......#.##.##
##.##.#####........
... #.#.#..#[
.....# #......#.
#.##.# #.#.#..#.
#.##.#####.#.#..#.
#.##....)..#.#..#.
#@##.##.####.#....
#g##.##.####.#....
#.#.....>......#
#............###
#...####.##.##.#
#...g# #.##.##.#
##..# ...#.##.# ###
##..#.##.#
#..#.##.#


You could see a gnoll.

Vanquished Creatures
  2 gnolls (D:2)
  4 adders (D:2)
  4 ball pythons
  3 endoplasms
  A giant cockroach (D:1)
  4 goblins
  5 hobgoblins
  A quokka (D:1)
  3 frilled lizards (D:1)
  11 kobolds
  3 rats (D:1)
41 creatures vanquished.

Vanquished Creatures (others)
  4 plants (D:1)
4 creatures vanquished.

Grand Total: 45 creatures vanquished

Notes
Turn   | Place    | Note
-------+----------+-------------------------------------------
     0 | D:1      | porpoise the Demonspawn Gladiator began the quest for the
                  | Orb.
     0 | D:1      | Reached XP level 1. HP: 16/16 MP: 1/1
   131 | D:1      | Reached skill level 3 in Polearms
   435 | D:1      | Gained mutation: You have a pair of small antennae on your
                  | head. [demonic ancestry]
   435 | D:1      | Reached XP level 2. HP: 22/22 MP: 2/2
  1193 | D:2      | Reached XP level 3. HP: 22/28 MP: 3/3
  1571 | D:2      | Found a faded altar of an unknown god.
  1915 | D:2      | Reached skill level 4 in Polearms
  1915 | D:2      | Reached XP level 4. HP: 28/35 MP: 4/4
  2024 | D:2      | Mangled by a gnoll

Illustrated notes

Levels and vault maps discovered:
D:1:      minmay_arrival_cross, layout_loops_ring, lexackson_kobold_supper
D:2:      layout_loops_ring, shapermc_ecumenical_altar_mp_vishouse,
          kennysheep_generic_room_3

Skill      XL: |  1  2  3 |
---------------+----------+-----
Polearms       | 3 4 |  4.2
Fighting       | 3 |  3.1
Throwing       | |  1.7
Dodging        | |  2.6

Action                   |  1- 3 |  4- 6 || total
-------------------------+-------+-------++-------
Melee: Trident           |   119 |    19 ||   138
Throw: Throwing net      |       |     2 ||     2
  Use: Potion            |     2 |       ||     2
 Stab: Held in net/web   |       |     1 ||     1
Armor: Leather armour    |    14 |     1 ||    15
Dodge: Dodged            |    55 |     5 ||    60

Table legend: (Time is in decaauts)
 A = Elapsed time spent in this place.
 B = Non-inter-level travel time spent in this place.
 C = Inter-level travel time spent in this place.
 D = Time resting spent in this place.
 E = Time spent auto-exploring this place.
 F = Levels seen in this place.
 G = Mean time per level.
                   A        B        C        D        E       F      G
               +--------+--------+--------+--------+--------+-----+--------+
         Total |   2040 |   2023 |     17 |    650 |   1023 |   2 | 1020.0 |
       Dungeon |   2040 |   2023 |     17 |    650 |   1023 |   2 | 1020.0 |
               +--------+--------+--------+--------+--------+-----+--------+

Top non-repeatable levels by time:
     D:1: 1159 daAuts
     D:2: 880 daAuts
